 Dungeon Crawl Stone Soup version 0.19.5 (webtiles) character file.

119114 theElss the Sorcerer (level 16, -9/82 HPs)
             Began as a Deep Elf Conjurer on Apr 19, 2017.
             Was a High Priest of Vehumet.
             Mangled by a harpy (14 damage)
             ... on level 2 of the Shoals on Apr 20, 2017.
             The game lasted 02:45:02 (33579 turns).

theElss the Sorcerer (Deep Elf Conjurer)           Turns: 33579, Time: 02:45:03

Health: -9/82      AC: 11    Str:  6    XL:     16   Next: 27%
Magic:  29/58      EV: 16    Int: 27    God:    Vehumet [*****.]
Gold:   2514       SH:  6    Dex: 15    Spells: 12 memorised, 20 levels left

rFire  + . .     SeeInvis .     C - staff of power
rCold  . . .     Gourm    .     a - +0 robe
rNeg   . . .     Faith    .     N - +0 buckler
rPois  +         Spirit   .     e - +0 helmet
rElec  .         Reflect  .     b - +2 cloak
rCorr  .         Harm     .     i - +1 pair of gloves
MR     +....                    E - +2 pair of boots {Stlth+}
Stlth  +++.......               u - amulet of magic regeneration
                                M - ring of poison resistance
                                l - ring of protection from fire

@: delayed fireball, repel missiles
A: no striking features
a: Renounce Religion, Release Delayed Fireball


You were on level 2 of the Shoals.
You worshipped Vehumet.
Vehumet was extremely pleased with you.
You were not hungry.

You visited 5 branches of the dungeon, and saw 26 of its levels.
You also visited: Labyrinth and Sewer.

You collected 2514 gold pieces.

Inventory:

Hand Weapons
 h - the +7 rapier "Vuunumuch" {elec, rElec Str+3 Int-2 Dex+7}
   (You found it on level 2 of the Lair of Beasts)

   Occasionally, upon striking a foe, it will discharge some electrical energy
   and cause terrible harm.
   It affects your strength (+3).
   It affects your intelligence (-2).
   It affects your dexterity (+7).
   It insulates you from electricity.
Armour
 a - a +0 robe (worn)
 b - a +2 cloak (worn)
 e - a +0 helmet (worn)
 i - a +1 pair of gloves (worn)
 E - a +2 pair of boots of stealth (worn)
 N - a +0 buckler (worn)
Magical Staves
 C - an uncursed staff of power (weapon)
 G - an uncursed staff of conjuration
 I - an uncursed staff of poison
Jewellery
 g - an uncursed ring of see invisible
 l - a ring of protection from fire (left hand)
 s - an uncursed ring of resist corrosion
 u - an amulet of magic regeneration (around neck)
 M - a ring of poison resistance (right hand)
Wands
 d - a wand of teleportation (6/9)
 w - a wand of lightning (6/15)
 y - a wand of confusion (30/48)
 J - a wand of digging (16/24)
 P - a wand of iceblast (2/15)
 S - a wand of lightning (3/15)
 X - a wand of teleportation (4/9)
Scrolls
 f - 9 scrolls of remove curse
 n - 2 scrolls of teleportation
 o - 3 scrolls of fear
 t - 6 scrolls of magic mapping
 F - 5 scrolls of identify
 U - 2 scrolls of blinking
 V - a scroll of summoning
Potions
 m - 6 potions of heal wounds
 p - 2 potions of resistance
 r - 3 potions of might
 v - 6 potions of magic
 x - 16 potions of curing
 Y - 2 potions of flight
Books
 j - a book of Minor Magic

   Spells                             Type                      Level
   a - Magic Dart                     Conjuration                  1
   b - Blink                          Translocation                2
   c - Call Imp                       Summoning                    2
   d - Repel Missiles                 Charms/Air                   2
   e - Slow                           Hexes                        2
   f - Conjure Flame                  Conjuration/Fire             3
   g - Mephitic Cloud                 Conjuration/Poison/Air       3
Comestibles
 c - 11 bread rations
 k - 10 chunks of flesh
 D - 12 meat rations
 O - 4 beef jerkies


   Skills:
 * Level 2.9 Fighting
 - Level 1.0 Short Blades
 - Level 5.9 Dodging
 - Level 2.4 Stealth
 - Level 8.0 Shields
 + Level 21.5 Spellcasting
 + Level 18.2 Conjurations
 - Level 4.2 Charms
 + Level 11.3 Fire Magic
 - Level 0.6 Air Magic
 * Level 3.3 Earth Magic
 - Level 0.2 Poison Magic
 * Level 2.9 Evocations


You had 20 spell levels left.
You knew the following spells:

 Your Spells              Type           Power        Failure   Level  Hunger
a - Magic Dart            Conj           ####         0%          1    None
b - Iskenderun's Battles  Conj/Chrm      ######..     1%          5    None
c - Searing Ray           Conj           ######       0%          2    None
d - Iskenderun's Mystic   Conj           #######.     0%          4    None
e - Fireball              Conj/Fire      #######...   1%          5    None
f - Mephitic Cloud        Conj/Pois/Air  ######..     1%          3    None
g - Sticky Flame          Conj/Fire      #######.     1%          4    None
h - Repel Missiles        Chrm/Air       #####.       1%          2    None
i - Blink                 Tloc           N/A          1%          2    None
j - Stone Arrow           Conj/Erth      ######       1%          3    None
k - Delayed Fireball      Conj/Fire      N/A          1%          7    ###....
l - Bolt of Magma         Conj/Fire/Erth ######....   1%          5    None


Dungeon Overview and Level Annotations

Branches:
Dungeon (15/15)            Temple (1/1) D:6            Lair (6/6) D:11
 Shoals (1/4) Lair:3       Spider (0/4) Lair:4        Slime (0/5) Lair:5
    Orc (2/2) D:12            Elf (0/3) Orc:2        Vaults (0/5) D:14
 Depths (0/5) D:15

Altars:
Ashenzari
Cheibriados
Dithmenos
Elyvilon
Fedhas
Gozag
Hepliaklqana
Kikubaaqudgha
Makhleb
Nemelex Xobeh
Okawaru
Qazlal
Ru
Sif Muna
Trog
Uskayaw
Vehumet
Xom
Yredelemnul
Zin
The Shining One
Beogh
Jiyva

Shops:
D:9 (   D:10 }   D:11 *   D:13 }   Orc:2 (%:*

Portals:
Pandemonium: Orc:2

Annotations:
D:13 1 runed door
Lair:5 1 runed door
Shoals:2 Donald


Message History

You don't know that spell.
Drop what? 40/52 slots (_ for help) (? for menu, Esc to quit)
Okay, then.
Casting: Sticky Flame
Confirm with . or Enter, or press ? or * to list all spells.
Aiming: Iskenderun's Mystic Blast
Press: ? - help, Shift-Dir - straight line, f/p - water nymph
Aim: a water nymph (severely wounded)
The orb of energy misses the water nymph.
Your battlesphere fires!
The barrage of energy hits the water nymph.
You kill the water nymph!
Vehumet accepts your kill.
You feel your power returning. The harpy claws you!
* * * LOW HITPOINT WARNING * * *
The harpy claws you but does no damage. You block the harpy's attack.
The harpy barely misses you. You block the harpy's attack. The harpy claws you.
* * * LOW HITPOINT WARNING * * *
The harpy claws you!
You die...

≈,*****,≈≈≈≈≈≈≈.≈≈≈≈≈##.,,,,,,,,,
≈≈≈,,*,,≈≈≈≈≈≈≈≈≈≈≈≈≈...,,,,,,,,,
,≈≈,,≈≈≈≈≈≈≈≈≈≈≈≈≈≈≈≈≈≈.,,,,,,,,,
≈≈≈≈≈≈≈≈≈≈≈.≈≈≈≈≈≈≈≈≈≈≈.,,,,,,,,,
≈≈,,,,,≈≈≈....≈≈≈≈≈*≈≈≈.,,,,,,,,,
,,,*,,,≈≈..#..≈≈.≈≈≈≈≈≈.,,,,,,,,,
,,,,,,,,,....≈≈≈§§≈≈≈≈..,***,,,,,
≈≈,,,,,,,...≈≈..H†§≈≈.##** *,,,**
≈≈,,,,,,,......#@..≈≈≈.#****,≈,**
≈,,,,,,,,....#*#.H≈≈≈≈≈≈≈,,,,≈≈≈≈
,,,≈,,***..#** #.H≈≈≈≈≈≈≈,,≈≈≈≈≈≈
≈≈≈,,** *.** #..≈.≈≈≈≈≈,,,≈≈≈≈≈
≈≈≈,,* *** ###..≈≈.≈≈≈≈≈≈,≈≈≈
≈,,,,****** *#.≈..≈≈,≈≈≈≈≈≈≈
≈≈,,,,**,,* *,≈≈.≈≈,≈≈≈≈≈≈≈≈
≈≈≈,,,,,,,* *,.@.##*,≈≈≈≈≈,≈
≈≈≈≈≈,,,,,*** *,,,****,≈≈≈≈,≈≈


You could see Donald (sleeping), 3 harpies and a friendly battlesphere.

Vanquished Creatures
  An orc warlord (Orc:2)
  The ghost of TryAgain the Acrobat, an adept DEIE of Vehumet (Orc:2)
  A merfolk impaler (Shoals:1)
  A minotaur (Lab)
  Snorg (D:12)
  The ghost of Doomgape the Unseen, a journeyman HaSk of Okawaru (D:12)
  The ghost of ghjk the Severer, a journeyman MiFi of Okawaru (D:11)
  8 hydras
  Erolcha (D:9)
  Erica (D:8)
  A centaur warrior (D:14)
  The ghost of DrClinical the Cleaver, a novice HOFi of Trog (D:10)
  6 catoblepae
  2 dancing weapons (D:14)
  A death knight (D:11)
  12 death yaks
  A queen ant (Lair:2)
  8 orc high priests (Orc:2)
  Sonja (Lair:2)
  Nergalle (D:10)
  A sixfirhy (Orc:2)
  The ghost of airbag the Archer, a novice CeAM of the Shining One (D:8)
  An unseen horror (D:14)
  A torturous demonspawn (Orc:2)
  A gelid demonspawn (Orc:2)
  A glowing orange brain (D:15)
  5 hill giants
  6 orc knights (Orc:2)
  Pikel (D:6)
  9 orc sorcerers
  6 ugly things
  A wolf spider zombie (D:15)
  An oklob plant (Lair:2)
  A wolf spider (Lair:4)
  2 deep elf magi
  5 cyclopes
  2 fauns (Shoals:1)
  2 sirens (Shoals:1)
  5 manticores
  5 centaur zombies
  18 elephants
  A rust devil (Orc:2)
  A water nymph (Shoals:2)
  A torpor snail (Lair:6)
  A centaur skeleton (D:15)
  8 spiny frogs
  5 black mambas
  4 rime drakes
  An efreet (D:14)
  A redback zombie (D:15)
  A tengu conjurer (D:15)
  A queen bee (Lair:5)
  4 trolls
  3 freezing wraiths
  9 komodo dragons
  3 polar bears
  6 meliai
  A red devil (Orc:2)
  7 slime creatures
  21 blink frogs
  A meliai zombie (D:11)
  Prince Ribbit (D:8)
  11 hippogriffs
  13 dream sheep
  2 snapping turtles
  A shadow (D:14)
  5 wyverns
  2 wraiths
  A vampire (D:13)
  2 water elementals
  A ynoxinul (Orc:2)
  6 basilisks
  2 hungry ghosts
  38 yaks
  Eustachio (D:4)
  A golden eye (shapeshifter) (D:15)
  3 steam dragons
  3 wargs (Orc:2)
  2 vampire mosquitoes (D:15)
  Menkaure (D:4)
  A mottled dragon (D:15)
  21 soldier ants
  21 water moccasins
  8 porcupines
  5 sky beasts
  3 phantoms
  6 ice beasts
  51 orc warriors
  6 wolves (Lair:6)
  4 necrophages (D:11)
  11 ogres
  An ogre (shapeshifter) (D:15)
  9 centaurs
  A crocodile (shapeshifter) (D:15)
  17 big kobolds
  13 crocodiles
  18 bullfrogs
  A gnoll sergeant (D:8)
  3 wyvern skeletons
  4 scorpions
  A scorpion (shapeshifter) (D:15)
  35 killer bees
  12 wights
  3 howler monkeys (D:12)
  An electric eel (D:11)
  6 crimson imps
  2 bullfrog zombies
  8 hounds
  2 jellies
  29 orc priests
  5 iguanas
  27 orc wizards
  28 worker ants
  A hound zombie (D:7)
  3 hound skeletons
  3 mummies (D:11)
  A howler monkey zombie (D:9)
  4 worker ant zombies
  16 adders
  7 gnolls
  2 river rats (Sewer)
  4 shadow imps
  6 oozes (Sewer)
  2 adder skeletons
  An adder zombie (D:5)
  5 worms
  2 dart slugs (D:1)
  4 leopard geckos
  128 orcs
  3 ball pythons
  3 bat zombies (D:9)
  18 giant cockroaches
  8 hobgoblins
  4 jackals
  25 kobolds
  3 quokkas
  5 bats
  4 frilled lizards
  3 goblins
  A jackal zombie (D:7)
  A leopard gecko zombie (D:8)
  19 rats
  4 fungi (Lair:6)
  3 plants (Lair:2)
958 creatures vanquished.

Vanquished Creatures (others)
  28 fungi
  17 plants
45 creatures vanquished.

Grand Total: 1003 creatures vanquished

Notes
Turn   | Place    | Note
-------+----------+-------------------------------------------
     0 | D:1      | theElss the Deep Elf Conjurer began the quest for the Orb.
     0 | D:1      | Reached XP level 1. HP: 10/10 MP: 6/6
   282 | D:1      | Reached XP level 2. HP: 15/15 MP: 5/8
  1130 | D:2      | Reached XP level 3. HP: 19/19 MP: 6/10
  1253 | D:2      | Found a bloodstained altar of Trog.
  1463 | D:2      | Found a sparkling altar of Nemelex Xobeh.
  1467 | D:2      | Reached skill level 5 in Conjurations
  1508 | D:2      | Found an opulent altar of Gozag.
  1638 | D:2      | Reached skill level 4 in Spellcasting
  1835 | D:2      | Learned a level 2 spell: Searing Ray
  2236 | D:3      | Reached XP level 4. HP: 24/24 MP: 4/12
  2345 | D:3      | Found a glowing drain.
  2367 | Sewer    | Entered a sewer
  2404 | Sewer    | Learned a level 4 spell: Iskenderun's Mystic Blast
  2460 | Sewer    | Noticed a big kobold
  2478 | Sewer    | Killed a big kobold
  2478 | Sewer    | Reached skill level 5 in Spellcasting
  2478 | Sewer    | Reached XP level 5. HP: 27/28 MP: 3/14
  2748 | Sewer    | Reached XP level 6. HP: 32/32 MP: 7/16
  2863 | Sewer    | Reached skill level 6 in Spellcasting
  3445 | Sewer    | Reached skill level 7 in Spellcasting
  3445 | Sewer    | Reached XP level 7. HP: 32/36 MP: 6/19
  3706 | Sewer    | Reached skill level 8 in Spellcasting
  4526 | D:4      | Noticed Menkaure
  4564 | D:4      | Noticed Eustachio
  4568 | D:4      | Killed Menkaure
  4810 | D:4      | Reached XP level 8. HP: 37/41 MP: 17/22
  5124 | D:4      | Killed Eustachio
  5124 | D:4      | Reached skill level 9 in Spellcasting
  5131 | D:4      | Learned a level 5 spell: Iskenderun's Battlesphere
  5530 | D:5      | Entered Level 5 of the Dungeon
  6432 | D:6      | Reached skill level 10 in Spellcasting
  6945 | D:6      | Found a staircase to the Ecumenical Temple.
  6965 | Temple   | Entered the Ecumenical Temple
  7087 | Temple   | Became a worshipper of Vehumet
  7266 | D:6      | Got a twisted helmet
  7492 | D:6      | Noticed Pikel
  7522 | D:6      | Killed Pikel
  7522 | D:6      | Reached skill level 11 in Spellcasting
  7522 | D:6      | Reached skill level 10 in Conjurations
  7522 | D:6      | Reached XP level 9. HP: 46/46 MP: 23/26
  7880 | D:6      | Identified the cursed -5 helmet of Fericoig {rF- Str+6 SInv Stlth+} (You found it on level 6 of the Dungeon)
  8035 | D:7      | Reached skill level 1 in Charms
  8053 | D:7      | Found an opulent altar of Gozag.
  8139 | D:7      | Found a white marble altar of Elyvilon.
  8413 | D:7      | Found a hide-covered altar of Uskayaw.
  8532 | D:7      | Reached * piety under Vehumet
  8532 | D:7      | Offered knowledge of Sandblast by Vehumet.
  8532 | D:7      | Reached skill level 12 in Spellcasting
  8716 | D:7      | Found a basalt altar of Yredelemnul.
  8939 | D:8      | Noticed airbag's ghost (novice CeAM)
  8947 | D:8      | Killed airbag's ghost
  9222 | D:8      | Noticed Erica
  9232 | D:8      | Reached XP level 10. HP: 46/51 MP: 28/28
  9272 | D:8      | Killed Erica
  9272 | D:8      | Reached skill level 1 in Fighting
  9272 | D:8      | Reached skill level 13 in Spellcasting
  9419 | D:8      | Learned a level 5 spell: Fireball
  9423 | D:8      | Learned a level 3 spell: Mephitic Cloud
  9428 | D:8      | Learned a level 4 spell: Sticky Flame
  9431 | D:8      | Learned a level 2 spell: Repel Missiles
  9434 | D:8      | Learned a level 2 spell: Blink
  9461 | D:8      | Noticed Prince Ribbit
  9464 | D:8      | Killed Prince Ribbit
 10145 | D:9      | Offered knowledge of Freeze by Vehumet.
 10147 | D:9      | Reached ** piety under Vehumet
 10478 | D:9      | Found a shadowy altar of Dithmenos.
 10593 | D:9      | Reached skill level 14 in Spellcasting
 10694 | D:9      | Found Voysy's Antique Weapon Shop.
 10806 | D:9      | Noticed a two-headed hydra
 10812 | D:9      | Killed a two-headed hydra
 10812 | D:9      | Reached skill level 1 in Fire Magic
 10815 | D:9      | Reached XP level 11. HP: 38/56 MP: 25/31
 10955 | D:9      | Noticed Erolcha
 10964 | D:9      | Killed Erolcha
 10964 | D:9      | Reached skill level 5 in Dodging
 11162 | D:9      | Offered knowledge of Stone Arrow by Vehumet.
 11168 | D:9      | Learned a level 3 spell: Stone Arrow
 11182 | D:9      | Found an ancient bone altar of Kikubaaqudgha.
 11308 | D:10     | Entered Level 10 of the Dungeon
 11326 | D:10     | Reached *** piety under Vehumet
 11338 | D:10     | Noticed DrClinical's ghost (novice HOFi)
 11341 | D:10     | Reached skill level 15 in Spellcasting
 11345 | D:10     | Killed DrClinical's ghost
 11482 | D:10     | Got a steaming dagger
 11532 | D:10     | Identified the +3 dagger of the Firefly {freeze, *Corrode rF+ rC++ Int+3} (You found it on level 10 of the Dungeon)
 11714 | D:10     | Found Zuetrar's Gadget Emporium.
 11959 | D:10     | Noticed Nergalle
 11964 | D:10     | Killed Nergalle
 12286 | D:11     | Offered knowledge of Ignite Poison by Vehumet.
 12291 | D:11     | Noticed a hill giant
 12293 | D:11     | Killed a hill giant
 12408 | D:11     | Found a staircase to the Lair.
 12784 | D:11     | Reached **** piety under Vehumet
 12795 | D:11     | Noticed ghjk's ghost (journeyman MiFi)
 12801 | D:11     | Killed ghjk's ghost
 12801 | D:11     | Reached skill level 1 in Short Blades
 12973 | D:11     | Offered knowledge of Throw Icicle by Vehumet.
 12982 | D:11     | Found Xaedenn's Assorted Antiques.
 13133 | D:11     | Reached skill level 16 in Spellcasting
 13616 | D:11     | Noticed a green ugly thing
 13620 | D:11     | Killed a green ugly thing
 13620 | D:11     | Reached XP level 12. HP: 61/61 MP: 11/34
 13774 | D:11     | Noticed a death knight
 13971 | D:11     | Reached skill level 5 in Fire Magic
 14163 | D:11     | Killed a death knight
 14494 | D:12     | Reached ***** piety under Vehumet
 14703 | D:12     | Noticed Doomgape's ghost (journeyman HaSk)
 14708 | D:12     | Killed Doomgape's ghost
 14878 | D:12     | Offered knowledge of Delayed Fireball by Vehumet.
 14891 | D:12     | Learned a level 7 spell: Delayed Fireball
 15244 | D:12     | Reached skill level 17 in Spellcasting
 15366 | D:12     | Found a staircase to the Orcish Mines.
 15582 | D:12     | Noticed Snorg
 15590 | D:12     | Killed Snorg
 16042 | Lair:1   | Entered Level 1 of the Lair of Beasts
 16069 | Lair:1   | Noticed a six-headed hydra
 16072 | Lair:1   | Killed a six-headed hydra
 16591 | Lair:1   | Reached skill level 15 in Conjurations
 17031 | Lair:2   | Reached XP level 13. HP: 65/65 MP: 6/36
 17031 | Lair:2   | Reached skill level 18 in Spellcasting
 17652 | Lair:2   | Noticed Sonja
 17653 | Lair:2   | Killed Sonja
 18703 | Lair:2   | Got a bloodstained rapier
 18704 | Lair:2   | Identified the +7 rapier "Vuunumuch" {elec, rElec Str+3 Int-2 Dex+7} (You found it on level 2 of the Lair of Beasts)
 18963 | Lair:3   | Found a staircase to the Shoals.
 18964 | Lair:3   | Found a stormy altar of Qazlal.
 20077 | Lair:4   | Found a hole to the Spider Nest.
 20833 | Lair:5   | Found a runed door.
 20834 | Lair:5   | Found a viscous altar of Jiyva.
 20834 | Lair:5   | Noticed an azure jelly
 20836 | Lair:5   | Found a staircase to the Slime Pits.
 20836 | Lair:5   | Noticed an azure jelly
 21092 | Lair:5   | Reached skill level 19 in Spellcasting
 21368 | Lair:5   | Reached ****** piety under Vehumet
 21592 | Lair:5   | Offered knowledge of Bolt of Magma by Vehumet.
 21824 | Lair:5   | Reached XP level 14. HP: 70/70 MP: 21/39
 22045 | Lair:5   | Learned a level 5 spell: Bolt of Magma
 22767 | Lair:6   | Entered Level 6 of the Lair of Beasts
 22767 | Lair:6   | Found a labyrinth entrance.
 22778 | Lair:6   | Found a sparkling altar of Nemelex Xobeh.
 22792 | Lab      | Entered a labyrinth
 23523 | Lair:6   | Reached skill level 20 in Spellcasting
 24238 | Lair:6   | Reached skill level 10 in Fire Magic
 26202 | Lair:6   | Reached XP level 15. HP: 74/74 MP: 41/41
 26260 | Lair:6   | Offered knowledge of Irradiate by Vehumet.
 26770 | D:13     | Found Yhij's Gadget Emporium.
 26795 | D:13     | Reached skill level 21 in Spellcasting
 27143 | D:13     | Found a runed door.
 27561 | D:14     | Reached skill level 1 in Shields
 28435 | D:14     | Found a gate to the Vaults.
 28492 | D:15     | Entered Level 15 of the Dungeon
 28535 | D:15     | Reached skill level 5 in Shields
 29948 | D:15     | Found a staircase to the Depths.
 30083 | Orc:1    | Entered Level 1 of the Orcish Mines
 30291 | Orc:1    | Offered knowledge of Bolt of Cold by Vehumet.
 30607 | Orc:2    | Entered Level 2 of the Orcish Mines
 30614 | Orc:2    | Found a staircase to the Elven Halls.
 30997 | Orc:2    | Found Mestru's Food Boutique.
 31022 | Orc:2    | Found Kudopluu's General Store.
 31100 | Orc:2    | Noticed TryAgain's ghost (adept DEIE)
 31113 | Orc:2    | Killed TryAgain's ghost
 31346 | Orc:2    | Reached skill level 1 in Evocations
 31448 | Orc:2    | Noticed an orc warlord
 31538 | Orc:2    | Killed an orc warlord
 31539 | Orc:2    | Reached skill level 1 in Earth Magic
 31791 | Orc:2    | Found a roughly hewn altar of Beogh.
 31795 | Orc:2    | Offered knowledge of Spellforged Servitor by Vehumet.
 32075 | Orc:2    | Reached XP level 16. HP: 80/80 MP: 20/43
 32586 | Orc:2    | Found Missar's Book Emporium.
 32586 | Orc:2    | Found Amiduute's Antique Weapon Shoppe.
 32586 | Orc:2    | Found a one-way gate leading to the halls of Pandemonium.
 33365 | Shoals:1 | Entered Level 1 of the Shoals
 33573 | Shoals:1 | You fall through a shaft!
 33578 | Shoals:2 | Noticed Donald
 33579 | Shoals:2 | Mangled by a harpy

Skill      XL: |  1  2  3  4  5  6  7  8  9 10 11 12 13 14 15 16 |
---------------+-------------------------------------------------+-----
Conjurations   | 5 6 7 8 10 11 12 13 15 16 17 18 | 18.2
Spellcasting   | 4 5 7 8 11 12 14 16 17 19 20 21 | 21.5
Dodging        | 3 4 5 |  5.9
Charms         | 1 3 4 |  4.2
Fighting       | 1 2 |  2.9
Fire Magic     | 1 4 7 9 10 11 | 11.3
Short Blades   | 1 |  1.0
Shields        | 8 |  8.0
Evocations     | 2 |  2.9
Earth Magic    | 2 3 |  3.3
Stealth        | |  2.4
Air Magic      | |  0.6
Poison Magic   | |  0.2

Action                   |  1- 3 |  4- 6 |  7- 9 | 10-12 | 13-15 | 16-18 || total
-------------------------+-------+-------+-------+-------+-------+-------++-------
Melee: Unarmed           |     4 |       |       |       |       |       ||     4
       Whip              |     2 |     1 |    12 |       |       |       ||    15
       Staff             |       |       |       |     1 |     3 |       ||     4
       Dagger            |       |       |       |     2 |       |       ||     2
       Rapier            |       |       |       |       |    11 |       ||    11
 Cast: Magic Dart        |    94 |    70 |   146 |   163 |   214 |    15 ||   702
       Searing Ray       |     2 |    11 |    23 |    13 |     4 |       ||    53
       Iskenderun's Myst |       |     1 |    55 |   156 |   366 |    47 ||   625
       Iskenderun's Batt |       |       |     6 |    67 |   155 |    13 ||   241
       Fireball          |       |       |       |    56 |   181 |    12 ||   249
       Repel Missiles    |       |       |       |     3 |     1 |       ||     4
       Mephitic Cloud    |       |       |       |     3 |     1 |       ||     4
       Delayed Fireball  |       |       |       |       |     1 |       ||     1
       Bolt of Magma     |       |       |       |       |    12 |       ||    12
       Sticky Flame      |       |       |       |       |       |     1 ||     1
Evoke: Wand              |       |       |       |       |     3 |       ||     3
  Use: Scroll            |       |       |    19 |     3 |    11 |     3 ||    36
       Potion            |       |       |       |       |     2 |       ||     2
  Eat: Chunk             |     4 |     4 |    16 |    25 |    43 |     5 ||    97
       Fruit             |       |       |     1 |       |     1 |       ||     2
       Beef jerky        |       |       |     2 |       |     1 |       ||     3
Armor: Robe              |     3 |     4 |     9 |    15 |    36 |     4 ||    71
Dodge: Dodged            |    19 |    13 |    42 |    59 |    85 |    18 ||   236
       Deflected         |       |       |       |     5 |    11 |       ||    16
Block: Buckler           |       |       |       |       |     5 |     4 ||     9
